 Dungeon Crawl Stone Soup version 0.19.0 (webtiles) character file.

50855 Amciq the Fighter (level 14, -6/171 HPs)
             Began as a Minotaur Monk on Nov 10, 2016.
             Was an Elder of Hepliaklqana.
             Killed from afar by an ogre mage (36 damage)
             ... with a bolt of lightning
             ... on level 2 of the Orcish Mines.
             The game lasted 01:39:39 (17262 turns).

Amciq the Fighter (Minotaur Monk)                  Turns: 17262, Time: 01:39:40

Health: -6/171     AC: 30    Str: 18    XL:     14   Next: 21%
Magic:  9/18       EV:  2    Int:  7    God:    Hepliaklqana [****..]
Gold:   1121       SH:  8    Dex: 19    Spells: 0 memorised, 13 levels left

rFire  . . .     SeeInvis +     h - +8 club (venom)
rCold  . . .     Gourm    .     (armour currently unavailable)
rNeg   + + +     Faith    .     e - +0 buckler
rPois  +         Spirit   .     (helmet currently unavailable)
rElec  .         Reflect  .     (cloak currently unavailable)
rCorr  .         Harm     .     (gloves currently unavailable)
MR     .....     NoTele   +     (boots currently unavailable)
Stlth  ++........               s - amulet of regeneration
                                A - +3 ring of dexterity
                                P - ring "Enir" {rPois rN+++ MR- AC+3 SInv}

@: tree-form
A: (retaliatory headbutt), reduced essence, (horns 0)
a: Recall Ancestor, Ancestor Identity, Transference, Idealise, Renounce Religion


You were on level 2 of the Orcish Mines.
You worshipped Hepliaklqana.
Hepliaklqana was greatly pleased with you.
You were hungry.
You were a tree.
You visited 4 branches of the dungeon, and saw 20 of its levels.
You also visited: Sewer and Volcano.

You collected 1987 gold pieces.
You spent 866 gold pieces at shops.

Inventory:

Hand Weapons
 h - a +8 club of venom (weapon)
 p - a +0 dire flail of flaming
Armour
 a - a +0 pair of boots (melded)
 d - a +2 hat of spirit shield (melded)
 e - a +0 buckler (worn)
 j - a +2 cloak of invisibility (melded)
 r - a +1 pair of gloves (melded)
 H - a +0 troll leather armour
 I - a +0 plate armour (melded)
Jewellery
 s - an amulet of regeneration (around neck)
 A - a +3 ring of dexterity (right branch)
 P - the ring "Enir" (left branch) {rPois rN+++ MR- AC+3 SInv}
   (You bought it in a shop on level 2 of the Orcish Mines)

   [ring of protection]

   It affects your AC (+3).
   It protects you from poison.
   It renders you almost immune to negative energy.
   It affects your resistance to hostile enchantments.
   It lets you see invisible.
Wands
 o - a wand of disintegration (23/24)
 t - a wand of teleportation (4/9)
 C - a wand of slowing (24/48)
 D - a wand of iceblast (7/15)
 J - a wand of acid (2/15)
 L - a wand of digging (8/24)
Scrolls
 b - 2 scrolls of recharging
 f - 5 scrolls of teleportation
 q - 2 scrolls of enchant weapon
 u - 7 scrolls of magic mapping
 v - 2 scrolls of identify
 y - 3 scrolls of remove curse
 B - a scroll of fear
 F - 3 scrolls of blinking
 O - a scroll of vulnerability {unknown}
 R - a scroll of holy word {unknown}
Potions
 g - a potion of cancellation
 m - 3 potions of lignification
 n - 9 potions of curing
 w - a potion of heal wounds
 x - 3 potions of flight
 E - a potion of ambrosia {unknown}
 G - 3 potions of agility
 K - a potion of invisibility
 M - a potion of resistance
 T - a potion of cure mutation
Comestibles
 c - 10 bread rations
 i - 12 beef jerkies
 k - 8 meat rations
 l - 24 fruits
 z - 2 royal jellies
 N - 8 chunks of flesh


   Skills:
 * Level 12.7 Fighting
 * Level 12.5 Maces & Flails
 * Level 11.8 Armour
 + Level 8.9 Dodging
 - Level 1.5 Stealth
 * Level 12.4 Shields
 + Level 8.3 Unarmed Combat
 + Level 6.8 Invocations
 + Level 6.8 Evocations


You had 13 spell levels left.
You didn't know any spells.

Dungeon Overview and Level Annotations

Branches:
Dungeon (11/15)            Temple (1/1) D:6            Lair (6/6) D:11
  Swamp (0/4) Lair:3       Spider (0/4) Lair:4        Slime (0/5) Lair:5
    Orc (2/2) D:9             Elf (0/3) Orc:2

Altars:
Ashenzari
Cheibriados
Dithmenos
Elyvilon
Gozag
Hepliaklqana
Kikubaaqudgha
Makhleb
Nemelex Xobeh
Okawaru
Ru
Sif Muna
Trog
Uskayaw
Vehumet
Yredelemnul
Zin
The Shining One

Shops:
D:8 !   Orc:2 =

Annotations:
Lair:5 exclusion: oklob plant
Lair:6 2 runed doors


Innate Abilities, Weirdness & Mutations

((You reflexively headbutt those who attack you in melee.))
((You have a pair of horns on your head.))
Your life essence is reduced. (-10% HP)


Message History

The cyclops is almost dead.
The ogre hits you with a giant club.
* * * LOW HITPOINT WARNING * * *
You hit the cyclops.
You kill the cyclops!
The ogre hits you with a giant club.
* * * LOW HITPOINT WARNING * * *
The ogre hits you with a giant club.
* * * LOW HITPOINT WARNING * * *
You sock the ogre!
The ogre is poisoned.
The ogre is heavily wounded.
The ogre hits you with a giant club.
* * * LOW HITPOINT WARNING * * *
You hit the ogre.
The ogre is heavily wounded.
The ogre mage gestures at you while chanting.
The bolt of lightning hits the ogre.
The ogre dies!
Helpless, you fail to dodge the bolt of lightning.
You die...

...............###.#.#.
................#.......
.........................
#.#......................
.........................
.........O......#......#
#.........OT...#......###
........#O)OO...#...#...#
........OO#♣#............
......TO..#∩#.......#...#
....O.TO..###......######
....T##........##.)##
.... ###......##...## ..C
.........#...# .C
...........#.## ### O
##..###....##.#####.##
#...#..........##....


You could see an ogre mage, a deep troll, a two-headed ogre and 3 ogres.

Vanquished Creatures
  Gastronok (D:8)
  The ghost of PrincessPwny the Impaler, a journeyman MfBe of Trog (Volcano)
  Josephine (Lair:5)
  Erolcha (D:9)
  6 hydras
  Harold (Orc:1)
  A queen ant (Lair:2)
  Urug (Lair:5)
  An orc high priest (Orc:1)
  A skeletal warrior (Volcano)
  A lindwurm (Lair:6)
  3 hill giants
  2 orc knights
  A cyclops (Orc:2)
  An orc sorcerer (Orc:2)
  A manticore (D:11)
  4 black mambas
  8 spiny frogs
  7 komodo dragons
  9 trolls
  A polar bear (Lair:4)
  3 slime creatures (Lair:5)
  6 hippogriffs
  A hornet (D:8)
  11 blink frogs
  A harpy skeleton (Volcano)
  Grinder (D:3)
  2 flying skulls (Volcano)
  A wyvern (Lair:2)
  3 wraiths (Lair:5)
  Sigmund (D:3)
  A shadow (D:11)
  13 yaks
  2 basilisks
  2 hungry ghosts
  A mottled dragon (D:11)
  Menkaure (D:6)
  3 wargs (Orc:2)
  3 insubstantial wisps (Lair:3)
  7 water moccasins
  6 soldier ants (Lair:2)
  A hell hound (Lair:6)
  10 orc warriors
  10 porcupines
  3 sky beasts
  An ice beast (D:6)
  A black bear (D:9)
  2 phantoms
  An eye of draining (D:10)
  10 ogres
  13 wolves
  3 centaurs
  6 crocodiles
  5 big kobolds
  7 bullfrogs
  A gnoll sergeant (D:7)
  2 scorpions
  12 killer bees
  3 spriggan skeletons (Volcano)
  2 troll skeletons (Volcano)
  6 howler monkeys
  5 electric eels
  2 crimson imps
  A bullfrog zombie (D:5)
  15 orc priests
  2 jellies
  3 quasits
  2 centaur skeletons
  2 gnoll shamans
  Crazy Yiuf (D:3)
  7 hounds
  A bullfrog skeleton (D:5)
  Jessica (D:2)
  2 iguanas
  10 orc wizards
  3 hell rats (Lair:6)
  27 worker ants
  2 naga skeletons (Volcano)
  A hound skeleton (D:9)
  Robin (D:4)
  17 gnolls
  2 worker ant zombies (D:8)
  12 adders
  A shadow imp (D:5)
  An ooze (D:6)
  2 adder skeletons
  3 worms
  2 dart slugs
  7 leopard geckos
  58 orcs
  3 giant cockroaches
  10 goblins
  9 hobgoblins
  11 jackals
  6 quokkas
  5 ball pythons
  15 bats
  2 frilled lizards
  A jackal skeleton (D:6)
  29 kobolds
  12 rats
517 creatures vanquished.

Vanquished Creatures (collateral kills)
  A hydra (Lair:4)
  Nergalle (Lair:3)
  An anaconda skeleton (Volcano)
  An orc sorcerer (D:9)
  2 black mambas
  3 spiny frogs
  A gargoyle (D:10)
  A rime drake (Lair:4)
  A troll (Orc:2)
  A blink frog (Lair:4)
  Prince Ribbit (D:6)
  A wyvern (Lair:6)
  A wraith (D:11)
  3 yaks (Lair:2)
  2 basilisks
  3 insubstantial wisps (Lair:3)
  A water moccasin (Lair:6)
  A porcupine (Lair:3)
  2 sky beasts
  An orc warrior (Orc:2)
  A phantom (D:9)
  A wolf (D:11)
  5 ogres
  A crocodile (Lair:1)
  A big kobold (D:9)
  A gnoll sergeant (D:7)
  2 bullfrogs
  2 killer bees (D:9)
  A quasit (D:7)
  A hound (D:7)
  2 orc priests
  3 orc wizards
  A centaur skeleton (D:6)
  2 worker ants
  A hell rat (Lair:6)
  3 adders
  11 orcs
  A hobgoblin (D:7)
  2 kobolds (D:9)
  A quokka (D:9)
  A fungus (Lair:6)
73 creatures vanquished.

Vanquished Creatures (others)
  2 gargoyles (Volcano)
  A flying skull (Volcano)
  An ogre (Orc:2)
  25 hexers
  2 orcs
  A jackal (D:11)
  A fungus (Lair:4)
33 creatures vanquished.

Grand Total: 623 creatures vanquished

Notes
Turn   | Place    | Note
-------+----------+-------------------------------------------
     0 | D:1      | Amciq the Minotaur Monk began the quest for the Orb.
     0 | D:1      | Reached XP level 1. HP: 19/19 MP: 0/0
   142 | D:1      | Reached XP level 2. HP: 26/27 MP: 1/1
   188 | D:1      | Reached skill level 1 in Shields
   489 | D:1      | Reached skill level 1 in Armour
   702 | D:1      | Reached XP level 3. HP: 33/33 MP: 2/2
   897 | D:2      | Noticed Jessica
   909 | D:2      | Killed Jessica
   974 | D:2      | Reached XP level 4. HP: 38/40 MP: 3/3
  1392 | D:3      | Noticed Grinder
  1392 | D:3      | Paralysed by Grinder for 4 turns
  1404 | D:3      | Killed Grinder
  1404 | D:3      | Reached skill level 1 in Unarmed Combat
  1404 | D:3      | Reached XP level 5. HP: 16/47 MP: 4/4
  1404 | D:3      | Reached XP level 6. HP: 18/53 MP: 5/5
  1684 | D:3      | Found a runed door.
  1869 | D:3      | Noticed Crazy Yiuf
  1876 | D:3      | Killed Crazy Yiuf
  1988 | D:3      | Noticed Sigmund
  2064 | D:4      | Reached skill level 5 in Fighting
  2064 | D:4      | Reached skill level 5 in Maces & Flails
  2202 | D:4      | Noticed Robin
  2212 | D:4      | Killed Robin
  2331 | D:4      | Found a glowing drain.
  2337 | D:4      | Reached XP level 7. HP: 60/61 MP: 6/6
  2345 | Sewer    | Entered a sewer
  2425 | Sewer    | Found a white marble altar of Elyvilon.
  2696 | D:3      | Killed Sigmund
  2696 | D:3      | Reached skill level 1 in Evocations
  3297 | D:5      | Entered Level 5 of the Dungeon
  3420 | D:5      | Found a radiant altar of Vehumet.
  3430 | D:5      | Found a shadowy altar of Dithmenos.
  3758 | D:5      | Reached XP level 8. HP: 70/70 MP: 8/8
  3819 | D:6      | Found a staircase to the Ecumenical Temple.
  3825 | Temple   | Entered the Ecumenical Temple
  3835 | Temple   | Became a worshipper of Hepliaklqana the Forgotten
  3835 | Temple   | Reached * piety under Hepliaklqana
  3835 | Temple   | Reached ** piety under Hepliaklqana
  3891 | D:6      | Reached skill level 5 in Shields
  3892 | D:6      | Remembered your ancestor Tiberius as a hexer
  4087 | D:6      | Reached skill level 1 in Invocations
  4302 | D:6      | Noticed Menkaure
  4311 | D:6      | Killed Menkaure
  4311 | D:6      | Reached skill level 5 in Armour
  4348 | D:6      | Noticed Prince Ribbit
  4583 | D:6      | Killed Prince Ribbit
  4583 | D:6      | Reached skill level 5 in Dodging
  4815 | D:7      | Reached XP level 9. HP: 70/70 MP: 9/9
  5336 | D:7      | Noticed a hill giant
  5347 | D:7      | Found a bloodstained altar of Trog.
  5347 | D:7      | Found a sacrificial altar of Ru.
  5380 | D:7      | Killed a hill giant
  5497 | D:7      | Reached *** piety under Hepliaklqana
  5869 | D:8      | Found Cugaumil's Distillery.
  5882 | D:8      | Bought a potion of might for 48 gold pieces
  5882 | D:8      | Bought a potion of heal wounds for 60 gold pieces
  5882 | D:8      | Bought a potion of haste for 120 gold pieces
  5974 | D:8      | Reached XP level 10. HP: 78/79 MP: 11/11
  6154 | D:8      | Noticed Gastronok
  6181 | D:8      | Killed Gastronok
  6216 | D:8      | Reached skill level 5 in Unarmed Combat
  6335 | D:8      | Found a glowing golden altar of the Shining One.
  6921 | D:9      | Noticed Erolcha
  6930 | D:9      | Killed Erolcha
  6934 | D:9      | Reached XP level 11. HP: 87/87 MP: 9/13
  7049 | D:9      | Found a staircase to the Orcish Mines.
  7174 | D:9      | Reached **** piety under Hepliaklqana
  7717 | D:10     | Entered Level 10 of the Dungeon
  7828 | D:10     | Noticed a hill giant
  7854 | D:10     | Killed a hill giant
  8916 | D:11     | Reached skill level 10 in Maces & Flails
  8944 | D:11     | Found a staircase to the Lair.
  9319 | D:11     | Reached skill level 10 in Fighting
  9914 | Lair:1   | Entered Level 1 of the Lair of Beasts
 10132 | Lair:1   | Identified the Volume of Mutagenic Venom
 10154 | Lair:1   | Reached ***** piety under Hepliaklqana
 10648 | Lair:2   | Reached skill level 10 in Shields
 10648 | Lair:2   | Reached XP level 12. HP: 78/96 MP: 12/14
 10660 | Lair:2   | Noticed a queen ant
 10795 | Lair:2   | Reached skill level 5 in Evocations
 10797 | Lair:2   | Reached skill level 5 in Invocations
 10821 | Lair:2   | Killed a queen ant
 11858 | Lair:3   | Found a basalt altar of Yredelemnul.
 11865 | Lair:3   | Noticed an eight-headed hydra
 11880 | Lair:3   | Killed an eight-headed hydra
 11971 | Lair:3   | Noticed Nergalle
 11987 | Lair:3   | Killed Nergalle
 12055 | Lair:3   | Noticed a six-headed hydra
 12065 | Lair:3   | Killed a six-headed hydra
 12073 | Lair:3   | Reached skill level 10 in Armour
 12293 | Lair:3   | Found a staircase to the Swamp.
 12837 | Lair:4   | Found a hole to the Spider Nest.
 13033 | Lair:4   | Noticed an eight-headed hydra
 13127 | Lair:4   | Killed an eight-headed hydra
 13409 | Lair:4   | Reached XP level 13. HP: 96/104 MP: 13/16
 14206 | Lair:5   | Noticed Urug
 14212 | Lair:5   | Noticed Josephine
 14224 | Lair:5   | Killed Urug
 14233 | Lair:5   | Killed Josephine
 14307 | Lair:5   | Found a staircase to the Slime Pits.
 14662 | Lair:6   | Entered Level 6 of the Lair of Beasts
 15010 | Lair:6   | Found a dark tunnel.
 15023 | Volcano  | Entered a volcano
 15023 | Volcano  | Noticed PrincessPwny's ghost (journeyman MfBe)
 15075 | Volcano  | Killed PrincessPwny's ghost
 15794 | Lair:6   | Found a large runed door.
 15794 | Lair:6   | Found a large runed door.
 15794 | Lair:6   | Noticed a fire dragon
 16291 | Orc:1    | Entered Level 1 of the Orcish Mines
 16292 | Orc:1    | Paralysed by an orc sorcerer for 4 turns
 16296 | Orc:1    | Noticed Harold
 16429 | Orc:1    | Killed Harold
 16429 | Orc:1    | Reached XP level 14. HP: 74/114 MP: 11/17
 16683 | Orc:2    | Entered Level 2 of the Orcish Mines
 16906 | Orc:2    | Found a staircase to the Elven Halls.
 17127 | Orc:2    | Found Cava's Jewellery Shoppe.
 17202 | Orc:2    | Bought the ring "Enir" {rPois rN+++ MR- AC+3 SInv} for 638 gold pieces
 17262 | Orc:2    | Killed from afar by an ogre mage

Skill      XL: |  1  2  3  4  5  6  7  8  9 10 11 12 13 |
---------------+----------------------------------------+-----
Shields        | 1 2 3 4 6 7 8 10 11 12 | 12.4
Armour         | 1 2 3 4 5 6 8 9 10 11 | 11.8
Fighting       | 4 5 6 8 9 10 11 12 | 12.7
Maces & Flails | 4 5 6 7 8 9 10 11 12 | 12.5
Dodging        | 4 5 6 7 8 |  8.9
Unarmed Combat | 1 2 3 4 5 6 7 8 |  8.3
Evocations     | 1 2 3 4 5 6 |  6.8
Invocations    | 1 3 4 5 6 |  6.8
Stealth        | |  1.5

Action                   |  1- 3 |  4- 6 |  7- 9 | 10-12 | 13-15 || total
-------------------------+-------+-------+-------+-------+-------++-------
Melee: Mace              |    49 |       |       |       |       ||    49
       Headbutt          |    11 |    12 |    54 |   240 |   174 ||   491
       Club              |     5 |    95 |   394 |   906 |   687 ||  2087
Invok: Recall Ancestor   |       |       |     1 |       |       ||     1
       Ancestor Life: He |       |       |     1 |       |       ||     1
       Ancestor Identity |       |       |     1 |       |       ||     1
       Idealise          |       |       |       |     4 |     7 ||    11
       Transference      |       |       |       |     2 |     2 ||     4
 Abil: Evoke Invisibilit |       |       |       |     1 |     3 ||     4
Evoke: Wand              |       |       |     2 |     2 |     3 ||     7
  Use: Scroll            |     2 |     9 |     8 |    12 |     8 ||    39
       Potion            |       |     1 |     8 |     4 |     7 ||    20
 Stab: Sleeping          |     2 |       |     2 |       |       ||     4
       Distracted        |       |       |     1 |    11 |     9 ||    21
       Confused          |       |       |     1 |     3 |    10 ||    14
       Invisible         |       |       |       |     4 |     3 ||     7
  Eat: Chunk             |       |     5 |    11 |    28 |     8 ||    52
       Fruit             |       |       |     1 |     1 |     3 ||     5
       Royal jelly       |       |       |       |       |     1 ||     1
       Pizza             |       |       |       |       |     1 ||     1
Armor: Leather armour    |    13 |    24 |    48 |       |       ||    85
       Scale mail        |       |       |    60 |    66 |       ||   126
       Skin              |       |       |     6 |       |    25 ||    31
       Plate armour      |       |       |       |   386 |   296 ||   682
Dodge: Dodged            |    40 |    50 |   213 |   405 |   223 ||   931
Block: Buckler           |     9 |    11 |    96 |   332 |   204 ||   652
